 Dungeon Crawl Stone Soup version 0.30.0-5-g1a98f26d00 (webtiles) character file.

Game seed: 1157624513407624469

23 Jackthecabe the Firebug (level 2, -9/15 HPs)
             Began as a Deep Elf Fire Elementalist on May 11, 2023.
             Mangled by a gnoll
             ... wielding a +0 halberd
              (12 damage)
             ... on level 2 of the Dungeon.
             The game lasted 00:01:22 (302 turns).

Jackthecabe the Firebug (Deep Elf Fire Elementalist) Turns: 302, Time: 00:01:22

Health: -9/15      AC:  2    Str:  5    XL:     2   Next: 72%
Magic:  4/8        EV: 12    Int: 19    God:
Gold:   29         SH:  0    Dex: 15    Spells: 6/7 levels left

rFire   . . .        (no weapon)
rCold   . . .        (no shield)
rNeg    . . .        a - +0 robe
rPois   .            (no helmet)
rElec   .            (no cloak)
rCorr   .            (no gloves)
SInv    .            (no boots)
Will    .....        (no amulet)
Stlth   ++           (no ring)
HPRegen 0.22/turn    (no ring)
MPRegen 0.11/turn

%: no passive effects
@: no status effects
A: no striking features
a: no special abilities


You were on level 2 of the Dungeon.
You visited 1 branch of the dungeon, and saw 2 of its levels.

You collected 29 gold pieces.


   Skills:
 - Level 2.4 Dodging
 - Level 2.4 Stealth
 - Level 3.0 Spellcasting
 + Level 2.2 Conjurations
 + Level 3.9 Fire Magic


You had 6 spell levels left.
You knew the following spells:

 Your Spells              Type           Power      Damage    Failure   Level
f - Foxfire               Conj/Fire      56%        2x1d6     4%          1

Your spell library contained the following spells:

 Spells                   Type           Power      Damage    Failure   Level
 Scorch                   Fire           34%        2d6       4%          2
 Inner Flame              Hex/Fire       10%        N/A       21%         3
 Volatile Blastmotes      Fire/Tloc      20%        2d11      21%         3
 Flame Wave               Conj/Fire      14%        2d6       38%         4

Inventory:

Armour
 a - a +0 robe (worn)
 d - a +0 helmet
Scrolls
 e - a scroll of vulnerability {unknown}
Potions
 b - a potion of magic
 c - a potion of might {unknown}

Dungeon Overview and Level Annotations

Branches:
Dungeon (1/15)

Altars:

Shops:
D:2

: #r #........#
###.#######...####.####
#w........gg.......##..
.......................
#.##.................
#g####............ #g#
#...##.##.... #.####v#
#...##..♣#... #....g@#
#...##♣.∩.♣.. #.######
#...# ##♣...# ##.##
##..# #. #... .. ##.#
#.. ###


You could see 2 gnolls and a hobgoblin.


Message History

The gnoll closely misses you.
Unknown command.
The foxfire hits the gnoll.
The gnoll is heavily wounded.
The gnoll closely misses you. The hobgoblin barely misses you.
Unknown command.
The gnoll closely misses you. The hobgoblin hits you.
Unknown command.
Unknown command.
You conjure some foxfire!
The gnoll misses you. The hobgoblin hits you.
The foxfire hits the gnoll.
The gnoll is almost dead.
The gnoll barely misses you. The hobgoblin barely misses you.
Unknown command.
You conjure some foxfire!
The hobgoblin hits you.
The gnoll hits you from afar with a +0 halberd!
Ouch! That really hurt!
* * * LOW HITPOINT WARNING * * *
You are too injured to fight recklessly!
Unknown command.
Unknown command.
The foxfire hits the gnoll.
You kill the gnoll!
Unknown command.
Casting: Foxfire (safe; 4% risk of failure)
Confirm with . or Enter, or press ? or * to list all spells.
You conjure some foxfire!
The hobgoblin misses you.
The gnoll hits you from afar with a +0 halberd!
Ouch! That really hurt!
You die...

Skill      XL: |  1  2 |
---------------+-------+-----
Conjurations   | 2 |  2.2
Dodging        | |  2.4
Stealth        | |  2.4
Spellcasting   | |  3.0
Fire Magic     | |  3.9

Action                     || total
---------------------------++-------
   Cast: Foxfire           ||    21
    Use: Potion            ||     1
 Armour: Robe              ||     2
  Dodge: Dodged            ||    12

Levels and vault maps discovered:
D:1:      co_arrival_random_square_maze, layout_rooms,
          shapermc_ecumenical_altar_ellora, amcnicky_mini_rare_corridor_liquid
D:2:      layout_loops_cross, serial_shops, nicolae_shop_trees, uniq_sigmund

Notes
Turn   | Place    | Note
-------+----------+-------------------------------------------
     0 | D:1      | Jackthecabe the Deep Elf Fire Elementalist began the quest
                  | for the Orb.
     0 | D:1      | Reached XP level 1. HP: 10/10 MP: 6/6
    76 | D:1      | You fall into a shaft and drop 1 floor!
    87 | D:2      | Found Dyplog's Book Emporium.
   100 | D:2      | Reached XP level 2. HP: 9/15 MP: 2/8
   211 | D:2      | Reached skill level 2 in Conjurations
   302 | D:2      | Mangled by a gnoll

Vanquished Creatures
  An adder (D:2)
  A gnoll (D:2)
  A giant cockroach (D:2)
  A goblin (D:2)
  A rat (D:1)
5 creatures vanquished.

Vanquished Creatures (others)
  33 foxfires
33 creatures vanquished.

Grand Total: 38 creatures vanquished

Table legend: (Time is in decaauts)
 A = Elapsed time spent in this place.
 B = Non-inter-level travel time spent in this place.
 C = Inter-level travel time spent in this place.
 D = Time resting spent in this place.
 E = Time spent auto-exploring this place.
 F = Levels seen in this place.
 G = Mean time per level.
                   A        B        C        D        E       F      G
               +--------+--------+--------+--------+--------+-----+--------+
         Total |    301 |    301 |      0 |     69 |    167 |   2 |  150.5 |
       Dungeon |    301 |    301 |      0 |     69 |    167 |   2 |  150.5 |
               +--------+--------+--------+--------+--------+-----+--------+

Top non-repeatable levels by time:
     D:2: 225 daAuts
     D:1: 76 daAuts

Table legend:
 A = Non-vault XP
 B = Vault XP
 C = Vault XP percentage of total XP
 D = Non-vault monster count
 E = Vault monster count
 F = Vault count percentage of total count
                 A         B        C        D         E       F
            +---------+---------+-------+---------+---------+-------
      Total |      33 |       0 |   0.0 |       5 |       0 |   0.0
            +---------+---------+-------+---------+---------+-------
        D:1 |       1 |       0 |   0.0 |       1 |       0 |   0.0
        D:2 |      32 |       0 |   0.0 |       4 |       0 |   0.0
            +---------+---------+-------+---------+---------+-------
